Map: Prion Terraces

Players

Ineffable - Winner!

  • Race: Zerg Zerg
  • League: Diamond

MorN

  • Race: Terran Terran
  • League: Master

VOD

Have the link to the VOD?

Description

Time

  • Played on: Dec. 4, 2015, 2:07 a.m.
  • Length: 4:05
Show
View Real Time Build Order
Export as new Build Order

Ineffable Zerg - Winner!

Build Orders: Hatch First 

Get SALT Encoding   

  12  0:08  Overlord  
  12  0:12  Drone  
  13  0:17  Drone  
  14  0:26  Drone  
  15  0:31  Drone  
  16  0:50  Hatchery  
  16  0:54  Drone  
  16  0:57  Extractor  
  15  1:10  Spawning Pool  
  14  1:13  Drone  
  15  1:19  Drone  
  15  1:21  Drone  
  17  1:26  Drone  
  18  1:35  Drone  
  19  1:46  Overlord  
  19  1:59  Metabolic Boost  
  19  2:00  Queen  
  21  2:06  Queen  
  23  2:10  Zergling x2  
  23  2:13  Zergling x2  
  25  2:18  Drone  
  25  2:20  Drone  
  28  2:22  Drone  
  27  2:56  Drone x2  
  29  3:01  Overlord  
  29  3:02  Overlord  
  29  3:05  Zergling x4  
  31  3:15  Zergling x2  
  31  3:16  Zergling x2  
  31  3:17  Zergling x2  
  34  3:31  Baneling Nest  
  34  3:33  Zergling x16  
  41  3:44  Zergling x4  
Show
View Real Time Build Order
Export as new Build Order

MorN Terran 

Build Orders: Reaper Expand 

Get SALT Encoding   

  12  0:00  SCV  
  13  0:13  SCV  
  14  0:17  Supply Depot  
  14  0:25  SCV  
  15  0:39  SCV  
  15  0:41  Barracks  
  16  0:44  Refinery  
  16  0:51  SCV  
  17  1:03  SCV  
  18  1:16  SCV  
  19  1:29  Reaper, Orbital Command  
  20  1:42  Command Center  
  20  1:55  SCV  
  21  2:02  Barracks Reactor  
  21  2:09  SCV  
  21  2:12  Supply Depot  
  22  2:21  SCV  
  23  2:25  Command Center  
  23  2:33  SCV  
  23  2:36  Factory  
  24  2:43  Marine x2  
  26  2:45  SCV  
  27  2:54  Orbital Command  
  27  2:57  SCV, Refinery  
  28  3:04  Marine x2  
  30  3:09  SCV  
  31  3:22  Factory Tech Lab, Marine x2  
  31  3:23  Starport  
  31  3:24  SCV x2  
  34  3:36  SCV  
  34  3:39  Bunker, Marine x2  
  37  3:50  SCV x2  
Tags
 
Add a new tag
Caveats
  • Supply blocks, unpowered buildings, or Contaminate may cause inaccurate times.
  • Supply counts are checked every 10 seconds.